 Dungeon Crawl Stone Soup version 0.23.2-40-g277498a001 (webtiles) character file.

Game seed: 14576124389404849913

648 libmonsoon the Magician (level 7, -3/53 HPs)
             Began as a Mummy Summoner on Sept 26, 2019.
             Killed from afar by an orc wizard (10 damage)
             ... with a magic dart
             ... on level 6 of the Dungeon.
             The game lasted 00:26:02 (5301 turns).

libmonsoon the Magician (Mummy Summoner)            Turns: 5301, Time: 00:26:03

Health: -3/53      AC:  5    Str: 11    XL:     7   Next: 27%
Magic:  12/15      EV: 13    Int: 16    God:
Gold:   544        SH:  0    Dex: 13    Spells: 7/16 levels left

rFire    x . .     SeeInvis .   h - +2 dagger (freeze)
rCold    + . .     Gourm    .   (no shield)
rNeg     + + +     Faith    .   a - +1 robe
rPois    ∞         Spirit   .   o - +0 helmet
rElec    .         Reflect  .   i - +0 cloak
rCorr    .         Harm     .   (no gloves)
MR       +....     Rnd*Tele +   (no boots)
Stlth    ++........             j - amulet of magic regeneration
HPRegen  0.17/turn              e - ring of protection from magic
MPRegen  0.39/turn              g - ring of teleportation (curse)

@: no status effects
A: no food or potions, fire vulnerability, cold resistance 1, negative energy
resistance 3, torment resistance, unbreathing
a: no special abilities


You were on level 6 of the Dungeon.
You were not hungry.

You visited 1 branch of the dungeon, and saw 6 of its levels.
You also visited: Ossuary.

You collected 544 gold pieces.

Inventory:

Hand Weapons
 d - a +3 quarterstaff of chaos
 h - a +2 dagger of freezing (weapon)
Armour
 a - a +1 robe (worn)
 i - a +0 cloak (worn)
 o - a +0 helmet (worn)
Jewellery
 e - a ring of protection from magic (left hand)
 g - a cursed ring of teleportation (right hand)
 j - an amulet of magic regeneration (around neck)
Wands
 p - a wand of paralysis (6)
Scrolls
 b - 6 scrolls of identify
 c - 2 scrolls of immolation
 f - 4 scrolls of teleportation
 k - a scroll of enchant weapon
 l - a scroll of torment
 m - 2 scrolls of blinking
 n - a scroll of remove curse {unknown}


   Skills:
 + Level 3.7 Fighting
 + Level 3.5 Dodging
 - Level 1.5 Stealth
 + Level 5.4 Spellcasting
 + Level 4.6 Summonings


You had 7 spell levels left.
You knew the following spells:

 Your Spells              Type           Power        Failure   Level  Hunger
a - Summon Small Mammal   Summ           ###.         2%          1    N/A
b - Call Imp              Summ           ###.....     3%          2    N/A
c - Call Canine Familiar  Summ           ###.....     6%          3    N/A
d - Summon Guardian Gole  Hex/Summ       ##......     17%         3    N/A

Your spell library contained the following spells:

 Spells                   Type           Power        Failure   Level  Hunger
 Summon Ice Beast         Ice/Summ       ##......     50%         4    N/A
 Summon Lightning Spire   Summ/Air       ##......     50%         4    N/A

Dungeon Overview and Level Annotations

Branches:
Dungeon (6/15)
 Temple: D:4-7

Altars:

Annotations:
D:4 2 runed translucent doors, Hylith's ghost, amateur OpTm


Innate Abilities, Weirdness & Mutations

You do not eat or drink.
Your flesh is vulnerable to fire.
You are immune to poison.
Your flesh is cold resistant. (rC+)
You are immune to negative energy. (rN+++)
You are immune to unholy pain and torment.
You can survive without breathing.


Message History

The orc priest mumbles some strange prayers to Beogh against you.
Beogh smites you!
* * * LOW HITPOINT WARNING * * *
The orc wizard mumbles some strange words.
The orc wizard blinks!
Your crimson imp hits the orc.
The orc wizard hits you with a +1 dagger of flaming.
* * * LOW HITPOINT WARNING * * *
The orc wizard burns you.
* * * LOW HITPOINT WARNING * * *
The orc priest hits your guardian golem.
The orc wizard barely misses your crimson imp.
The orc priest completely misses your guardian golem.
Casting: Call Canine Familiar (safe; 6% risk of failure)
Confirm with . or Enter, or press ? or * to list all spells.
Okay, then.
Your hound bites the orc.
Your crimson imp blinks!
The orc wizard points at you and mumbles some strange words.
The magic dart hits you!
You die...

#.# #8#.# #.......#.
#.# #.# # #.......#.
#.# #.#.# #.........
#.# #.#.#.#...#...#.
#.# #5.§..#...#...#.
#.###.#h###!..#...#.
#.#.o5o5..........#.
#.#.###...##...##.#.
#.#@# #...#<........
#.#.# #...#.........
#.#.# #...#.........
#.#.# #...#..##.#.#.
#.#.###...#.......#.
#.................#.
###.#####..####..##.
#.#............ ..
#.#.##############


You could see an orc wizard and a friendly white imp.

Vanquished Creatures
  Grinder (D:3)
  A hound (D:4)
  An orc wizard (D:5)
  A hound skeleton (D:4)
  6 adders
  A worm (D:3)
  10 orcs
  A ball python (D:3)
  3 giant cockroaches
  4 goblins
  2 hobgoblins
  3 jackals
  3 kobolds
  A quokka (D:3)
  3 bats
  3 frilled lizards
  A rat (D:3)
45 creatures vanquished.

Vanquished Creatures (collateral kills)
  Duvessa (D:5)
  A centaur (D:5)
  Blork the orc (D:5)
  Dowan (D:5)
  A scorpion (D:5)
  A crimson imp (D:5)
  A centaur skeleton (D:4)
  Crazy Yiuf (D:2)
  2 orc wizards (D:5)
  An iguana (D:4)
  8 mummies (Ossuary)
  4 adders
  An adder skeleton (D:6)
  2 dart slugs
  4 orcs
  2 giant cockroaches
  A gnoll zombie (Ossuary)
  4 goblins
  2 hobgoblins
  7 jackals
  2 quokkas
  4 bats
  4 frilled lizards
  3 hobgoblin zombies (Ossuary)
  6 kobolds
  2 kobold zombies (Ossuary)
  2 orc zombies (Ossuary)
  A quokka skeleton (D:4)
  A rat (D:3)
71 creatures vanquished.

Grand Total: 116 creatures vanquished

Notes
Turn   | Place    | Note
-------+----------+-------------------------------------------
     0 | D:1      | libmonsoon the Mummy Summoner began the quest for the Orb.
     0 | D:1      | Reached XP level 1. HP: 13/13 MP: 4/4
   601 | D:1      | Reached XP level 2. HP: 7/20 MP: 3/5
   915 | D:1      | Reached skill level 3 in Spellcasting
   959 | D:1      | Learned a level 2 spell: Call Imp
  1806 | D:2      | Reached skill level 1 in Fighting
  1806 | D:2      | Reached XP level 3. HP: 26/26 MP: 5/7
  2036 | D:2      | Learned a level 3 spell: Call Canine Familiar
  2213 | D:2      | Found a runed translucent door.
  2214 | D:2      | Noticed Crazy Yiuf
  2228 | D:2      | Killed Crazy Yiuf
  2617 | D:3      | Reached XP level 4. HP: 32/32 MP: 5/9
  2685 | D:3      | Learned a level 3 spell: Summon Guardian Golem
  2882 | D:3      | Noticed Grinder
  2902 | D:3      | Killed Grinder
  2902 | D:3      | Reached skill level 4 in Spellcasting
  2902 | D:3      | Reached XP level 5. HP: 17/39 MP: 1/11
  3141 | D:4      | Reached XP level 6. HP: 32/46 MP: 9/12
  3437 | D:4      | Found a sand-covered staircase.
  3446 | Ossuary  | Entered an ossuary
  4080 | D:4      | Found a runed translucent door.
  4081 | D:4      | Noticed Hylith's ghost (amateur OpTm)
  4163 | D:4      | Found a runed translucent door.
  4226 | D:5      | Entered Level 5 of the Dungeon
  4281 | D:5      | Noticed Dowan
  4284 | D:5      | Noticed Duvessa
  4344 | D:5      | Noticed Blork the orc
  4411 | D:5      | Killed Blork the orc
  4411 | D:5      | Reached skill level 5 in Spellcasting
  4456 | D:5      | Reached XP level 7. HP: 23/52 MP: 3/14
  5117 | D:5      | Killed Dowan
  5117 | D:5      | Killed Duvessa
  5301 | D:6      | Killed from afar by an orc wizard

Skill      XL: |  1  2  3  4  5  6 |
---------------+-------------------+-----
Spellcasting   | 3 4 5 |  5.4
Fighting       | 1 2 3 |  3.7
Dodging        | 2 3 |  3.5
Summonings     | 4 |  4.6
Stealth        | |  1.5

Action                   |  1- 3 |  4- 6 |  7- 9 || total
-------------------------+-------+-------+-------++-------
Melee: Mace              |    18 |       |       ||    18
       Dagger            |    32 |   115 |    12 ||   159
 Cast: Summon Small Mamm |    41 |       |       ||    41
       Call Imp          |    10 |    30 |     7 ||    47
       Call Canine Famil |     3 |    22 |     6 ||    31
       Summon Guardian G |       |       |     2 ||     2
  Use: Scroll            |     3 |     4 |       ||     7
 Stab: Sleeping          |       |     2 |     1 ||     3
       Distracted        |       |     1 |       ||     1
Armor: Robe              |    23 |    31 |     3 ||    57
Dodge: Dodged            |    57 |    67 |    12 ||   136
